 Dungeon Crawl Stone Soup version 0.18.1-8-gdd0e5ea (webtiles) character file.

8421 Larett the Covert (level 11, -7/82 HPs)
             Began as a Deep Dwarf Artificer on May 28, 2016.
             Was a Priest of Pakellas.
             Killed from afar by a tengu reaver (28 damage)
             ... with a bolt of lightning
             ... on level 10 of the Dungeon on May 29, 2016.
             The game lasted 01:01:35 (9456 turns).

Larett the Covert (Deep Dwarf Artificer)            Turns: 9456, Time: 01:01:36

Health: -7/82      AC: 20    Str: 17      XL:     11   Next: 9%
Magic:  12/12      EV:  2    Int: 18      God:    Pakellas [***...]
Gold:   339        SH:  7    Dex: 12 (14) Spells: 0 memorised, 10 levels left

rFire  . . .     SeeInvis .     b - +8 flail (protect)
rCold  . . .     Gourm    .     Q - +0 plate armour
rNeg   . . .     Faith    .     s - +0 shield
rPois  .         Spirit   .     P - +3 hat of Pondering {ponderous, MR+ MP+10 Int+5}
rElec  .         Dismiss  .     h - +1 cloak
rCorr  +         Reflect  .     (no gloves)
SustAt .         Harm     .     (no boots)
MR     ++...                    E - amulet of rage
Stlth  ++........               B - ring of resist corrosion
                                j - ring of stealth

@: non-regenerating, slow, very resistant to hostile enchantments, unstealthy
A: damage resistance, recharge devices, sense surroundings 2, slow regeneration
3
a: Device Recharging, Quick Charge, Device Surge, Renounce Religion, Evoke
Berserk Rage


You were on level 10 of the Dungeon.
You worshipped Pakellas.
Pakellas was most pleased with you.
You were not hungry.

You visited 3 branches of the dungeon, and saw 12 of its levels.

You collected 669 gold pieces.
You spent 330 gold pieces at shops.

Inventory:

Hand Weapons
 a - a +4 dagger of venom
 b - a +8 flail of protection (weapon)
Missiles
 d - 19 sling bullets
 l - 8 javelins (quivered)
 o - 49 arrows
 M - a tomahawk of dispersal
 N - 8 tomahawks
 O - 4 poisoned tomahawks
Armour
 h - a +1 cloak (worn)
 s - a +0 shield (worn)
 P - the +3 hat of Pondering (worn) {ponderous, MR+ MP+10 Int+5}
   (You found it on level 6 of the Dungeon)

   It affects your intelligence (+5).
   It affects your resistance to hostile enchantments.
   It affects your magic capacity (+10).
 Q - a +0 plate armour (worn)
Jewellery
 j - a ring of stealth (left hand)
 w - an uncursed ring of protection from fire
 B - a ring of resist corrosion (right hand)
 E - an amulet of rage (around neck)
Wands
 c - a wand of flame (19/48)
 e - a wand of random effects (15/48)
 f - a wand of heal wounds (4/9)
 n - a wand of confusion (32/48)
 x - a wand of enslavement (13/24)
 y - a wand of lightning (3/15)
 H - a wand of digging (10/24)
 I - a wand of paralysis (21/24)
 S - a wand of iceblast (9/15)
 U - a wand of flame (29/48)
 V - a wand of acid (6/15)
Scrolls
 k - 3 scrolls of immolation
 m - a scroll of amnesia
 p - 8 scrolls of remove curse
 q - a scroll of recharging {unknown}
 r - 3 scrolls of teleportation
 t - a scroll of fog {unknown}
 u - 6 scrolls of magic mapping
 v - 2 scrolls of fear
 Y - a scroll of holy word {unknown}
Potions
 i - a potion of degeneration {unknown}
 z - 5 potions of brilliance
 A - a potion of resistance {unknown}
 C - 6 potions of curing
 D - a potion of heal wounds
 W - a potion of haste
Miscellaneous
 F - a plain deck of wonders
 T - a phantom mirror
Comestibles
 g - 9 bread rations
 G - a meat ration
 J - 2 chunks of flesh {@w1}
 R - 27 fruits


   Skills:
 - Level 0.8 Fighting
 - Level 9.7 Short Blades
 + Level 7.6 Maces & Flails
 - Level 2.1 Dodging
 - Level 12.2 Stealth
   Level 8.1 Translocations
 - Level 5.5 Evocations


You had 10 spell levels left.
You didn't know any spells.

Dungeon Overview and Level Annotations

Branches:
Dungeon (10/15)            Temple (1/1) D:7            Lair (1/8) D:8
    Orc: D:9-12

Altars:
Ashenzari
Cheibriados
Dithmenos
Elyvilon
Fedhas
Gozag
Kikubaaqudgha
Makhleb
Nemelex Xobeh
Okawaru
Pakellas
Qazlal
Ru
Sif Muna
Trog
Vehumet
Xom
Yredelemnul
Zin
The Shining One

Shops:
D:8 [!}?=


Innate Abilities, Weirdness & Mutations

You are resistant to damage.
You can recharge devices by infusing magical energy.
You passively map the area around you.
You do not regenerate naturally.


Message History

Your tengu reaver hits the giant eyeball from afar with a halberd of protection!
The giant eyeball view fixates on your tengu reaver.
Your tengu reaver hits the giant eyeball with a halberd of protection!!
The giant eyeball dies!
Pakellas accepts your kill.
There is a large open door here.
You swap places.
There is a shadowy altar of Dithmenos here.
You swap places.
The tengu reaver is no longer charmed.
The tengu reaver hits you with a halberd of protection!
* * * LOW HITPOINT WARNING * * *
The tengu reaver pecks you but does no damage.
The tengu reaver claws you but does no damage.
You sock the tengu reaver!
The tengu reaver is lightly wounded.
The tengu reaver points at you and mumbles some strange words.
The bolt of lightning hits you!
You die...
Pakellas says: Time to find a new assistant...

...........########..#####...#
...........########..# #.[.#
.....................#####...####
.................................
..########..########..###########
#.######..............#
..........########....###########
.........##......##..............
.....###.#..#..#q.#..............
##...# #.#, #..#Q.#.#####........
##...# #.#, #..#..#.#####........
.)...###.#⌠ #..#.⌠#..............
)........####''####..............
#######....8#..#8...###........).
# #....'...)'...# #........[. #
#....8####8...# #.......... #
#.............# #..........


You could see a tengu reaver.

Vanquished Creatures
  Pikel (D:4)
  A hill giant (D:9)
  A gargoyle (D:10)
  A spiny frog (Lair:1)
  The ghost of MoronicCinamun the Shooter, a novice TeHu of Gozag (D:4)
  2 trolls (D:10)
  Grinder (D:6)
  Prince Ribbit (D:7)
  3 hippogriffs
  A hungry ghost (D:4)
  4 yaks (D:10)
  Edmund (D:4)
  A mottled dragon (D:9)
  A water moccasin (D:7)
  2 black bears
  2 sky beasts
  4 orc warriors
  A necrophage (D:8)
  An ice beast (D:10)
  An ogre (D:9)
  3 eyes of draining
  2 phantoms
  3 centaurs
  2 big kobolds
  5 giant frogs
  A gnoll sergeant (D:8)
  A wyvern skeleton (D:7)
  11 killer bees
  A centaur zombie (D:8)
  5 crimson imps
  2 quasits
  A centaur skeleton (D:5)
  3 jellies
  7 orc wizards
  5 orc priests
  6 hounds
  A giant frog skeleton (D:10)
  3 iguanas
  7 worker ants
  A hound skeleton (D:10)
  A worker ant zombie (D:9)
  6 gnolls
  8 adders
  2 oozes (D:1)
  An adder skeleton (D:9)
  A worm (D:3)
  6 dart slugs
  6 giant geckos
  21 orcs
  3 bats
  5 giant cockroaches
  3 goblins
  7 hobgoblins
  3 jackals (D:5)
  2 quokkas
  5 giant newts
  13 kobolds
  A quokka skeleton (D:8)
  12 rats
  2 fungi (D:8)
209 creatures vanquished.

Vanquished Creatures (collateral kills)
  A giant eyeball (shapeshifter) (D:10)
  An orc warrior (D:10)
  A crocodile (D:8)
  A giant frog (D:10)
  4 killer bees
  A crimson imp (D:10)
  A giant frog zombie (D:10)
  A gnoll (D:8)
  11 orcs
  A bat (D:8)
  2 kobolds (D:8)
  A rat (D:8)
26 creatures vanquished.

Vanquished Creatures (others)
  A gnoll sergeant (D:8)
  An orc warrior (D:9)
  3 killer bees
  2 slaves (D:4)
  A giant frog (D:8)
  A gnoll shaman (D:7)
  An orc wizard (D:10)
  A killer bee zombie (D:10)
  An orc (D:10)
  A giant newt (D:4)
  13 fungi (D:8)
  6 plants (D:8)
32 creatures vanquished.

Grand Total: 267 creatures vanquished

Notes
Turn   | Place    | Note
--------------------------------------------------------------
     0 | D:1      | Larett the Deep Dwarf Artificer began the quest for the Orb.
     0 | D:1      | Reached XP level 1. HP: 16/16 MP: 3/3
    86 | D:1      | Reached XP level 2. HP: 7/24 MP: 5/5
   244 | D:1      | Reached skill level 5 in Evocations
   509 | D:1      | Reached XP level 3. HP: 26/30 MP: 7/7
   751 | D:2      | Reached skill level 2 in Stealth
   953 | D:2      | HP: 6/30 [adder (2)]
   978 | D:2      | Reached skill level 3 in Stealth
  1219 | D:3      | Reached XP level 4. HP: 28/37 MP: 8/8
  1372 | D:3      | Found a bloodstained altar of Trog.
  1372 | D:3      | Found an iron altar of Okawaru.
  1932 | D:4      | Noticed MoronicCinamun's ghost (novice TeHu)
  1955 | D:3      | Reached skill level 4 in Stealth
  1999 | D:4      | Killed MoronicCinamun's ghost
  1999 | D:4      | Reached skill level 7 in Stealth
  1999 | D:4      | Reached XP level 5. HP: 10/43 MP: 8/8
  1999 | D:4      | Reached XP level 6. HP: 12/50 MP: 9/9
  2228 | D:4      | Noticed Edmund
  2266 | D:4      | HP: 5/50 [Edmund/flail of protection (7)]
  2286 | D:4      | HP: 10/50 [Edmund/flail of protection (6)]
  2310 | D:4      | HP: 10/50 [Edmund/flail of protection (9)]
  2324 | D:4      | HP: 8/50 [Edmund/flail of protection (5)]
  2333 | D:4      | Killed Edmund
  2333 | D:4      | Reached skill level 8 in Stealth
  2423 | D:4      | Found a stormy altar of Qazlal.
  2424 | D:4      | Noticed an air elemental
  2426 | D:4      | Noticed a fire elemental
  2426 | D:4      | Noticed a water elemental
  2801 | D:4      | Noticed a slave
  2801 | D:4      | Noticed a slave
  2801 | D:4      | Noticed a slave
  2802 | D:4      | Noticed Pikel
  2802 | D:4      | Noticed a slave
  2877 | D:4      | Killed Pikel
  2877 | D:4      | Reached skill level 10 in Stealth
  2877 | D:4      | Reached XP level 7. HP: 25/56 MP: 8/8
  2927 | D:4      | Noticed a hungry ghost
  2960 | D:4      | Killed a hungry ghost
  2960 | D:4      | Reached skill level 11 in Stealth
  2960 | D:4      | Reached XP level 8. HP: 48/63 MP: 7/7
  3017 | D:5      | Entered Level 5 of the Dungeon
  3270 | D:5      | Reached skill level 12 in Stealth
  3291 | D:5      | Found a shattered altar of Ashenzari.
  3322 | D:5      | Found a glowing golden altar of the Shining One.
  3869 | D:6      | Reached skill level 1 in Maces & Flails
  4068 | D:6      | Noticed Grinder
  4073 | D:6      | Killed Grinder
  4073 | D:6      | Reached skill level 3 in Maces & Flails
  4091 | D:6      | Reached skill level 4 in Maces & Flails
  4334 | D:6      | Reached skill level 5 in Maces & Flails
  4753 | D:7      | Reached skill level 6 in Maces & Flails
  4753 | D:7      | Gained mutation: You passively map the area around you. [Deep Dwarf growth]
  4753 | D:7      | Reached XP level 9. HP: 38/69 MP: 8/8
  4828 | D:7      | Found a sacrificial altar of Ru.
  4957 | D:7      | Noticed Prince Ribbit
  4974 | D:7      | Killed Prince Ribbit
  4986 | D:7      | Reached skill level 7 in Maces & Flails
  5019 | D:7      | Found a staircase to the Ecumenical Temple.
  5035 | Temple   | Entered the Ecumenical Temple
  5229 | Temple   | Became a worshipper of Pakellas the Inventive
  5495 | D:8      | Found Zisedato's Magic Scroll Emporium.
  5504 | D:8      | Bought a scroll of immolation for 45 gold pieces
  5504 | D:8      | Bought a scroll of immolation for 45 gold pieces
  5505 | D:8      | Found a staircase to the Lair.
  5529 | D:8      | Reached skill level 1 in Short Blades
  5529 | D:8      | Reached skill level 2 in Short Blades
  5628 | D:8      | Reached skill level 3 in Short Blades
  5639 | D:8      | Reached * piety under Pakellas
  5639 | D:8      | Received a gift from Pakellas
  5678 | D:8      | HP: 12/69 [poisoned by a gnoll]
  5766 | D:8      | Reached skill level 4 in Short Blades
  5777 | Lair:1   | Entered Level 1 of the Lair of Beasts
  5780 | Lair:1   | Noticed a spiny frog
  5796 | Lair:1   | HP: 10/69 [spiny frog (4)]
  5797 | Lair:1   | Killed a spiny frog
  5797 | Lair:1   | Reached skill level 5 in Short Blades
  5801 | Lair:1   | HP: 10/69 [poisoned by a spiny frog]
  5933 | D:8      | Found Wuilit's Jewellery Emporium.
  6055 | D:8      | Found Relitwih's Distillery.
  6063 | D:8      | Bought a potion of curing for 48 gold pieces
  6063 | D:8      | Bought a potion of curing for 48 gold pieces
  6063 | D:8      | Bought 3 potions of curing for 144 gold pieces
  6078 | D:8      | Found Gurhohorph's Antique Armour Shoppe.
  6140 | D:8      | Reached skill level 6 in Short Blades
  6168 | D:8      | Found Rannawno's Gadget Boutique.
  6274 | D:8      | Found a burning altar of Makhleb.
  6274 | D:8      | Found a shimmering altar of Xom.
  6743 | D:9      | Reached XP level 10. HP: 34/76 MP: 4/7
  6761 | D:9      | Reached ** piety under Pakellas
  6761 | D:9      | Received a gift from Pakellas
  6791 | D:9      | Reached skill level 7 in Short Blades
  7156 | D:9      | Noticed a hill giant
  7169 | D:9      | HP: 1/76 [hill giant/giant club (29)]
  7170 | D:9      | Killed a hill giant
  7170 | D:9      | Reached skill level 8 in Short Blades
  7451 | D:9      | Reached skill level 1 in Translocations
  7478 | D:9      | Reached skill level 2 in Translocations
  7561 | D:9      | HP: 14/76 [iguana (4)]
  7677 | D:9      | Reached skill level 3 in Translocations
  7786 | D:10     | Entered Level 10 of the Dungeon
  7834 | D:10     | HP: 12/76 [orc priest/divine providence (10)]
  7844 | D:10     | HP: 15/76 [something (2)]
  8161 | D:9      | Reached skill level 4 in Translocations
  8234 | D:10     | HP: 15/76 [hippogriff (3)]
  8242 | D:10     | HP: 12/76 [hippogriff (3)]
  8376 | D:10     | Reached skill level 5 in Translocations
  8391 | D:10     | Reached *** piety under Pakellas
  8391 | D:10     | Received a gift from Pakellas
  8428 | D:10     | Reached skill level 9 in Short Blades
  8463 | D:10     | Reached skill level 6 in Translocations
  8610 | D:10     | HP: 15/76 [yak (7)]
  8625 | D:10     | Reached skill level 7 in Translocations
  8627 | D:10     | HP: 14/76 [yak (3)]
  8875 | D:10     | Noticed a gargoyle
  8884 | D:10     | Reached XP level 11. HP: 44/82 MP: 4/4
  8905 | D:10     | Reached skill level 8 in Translocations
  9144 | D:10     | Found a large runed door.
  9145 | D:10     | Found a large runed door.
  9440 | D:10     | Noticed a tengu reaver
  9451 | D:10     | Found a shadowy altar of Dithmenos.
  9456 | D:10     | Killed from afar by a tengu reaver

Skill      XL: |  1  2  3  4  5  6  7  8  9 10 11 |
---------------+----------------------------------+-----
Evocations     | 5 |  5.5
Stealth        | 3 7 10 11 12 | 12.2
Maces & Flails | 6 7 |  7.6
Short Blades   | 6 9 |  9.7
Translocations | 7 8 |  8.1
Fighting       | |  0.8
Dodging        | |  2.1

Action                   |  1- 3 |  4- 6 |  7- 9 | 10-12 || total
-------------------------+-------+-------+-------+-------++-------
Melee: Short sword       |   132 |   227 |       |       ||   359
       Flail             |       |    22 |   205 |    45 ||   272
       Dagger            |       |       |   293 |   376 ||   669
Invok: Quick Charge      |       |       |     2 |     3 ||     5
 Abil: Device Recharging |       |     3 |     4 |     6 ||    13
Evoke: Wand              |     3 |    29 |    23 |    36 ||    91
  Use: Scroll            |     2 |       |    14 |     8 ||    24
       Potion            |       |       |     6 |     2 ||     8
 Stab: Sleeping          |     3 |     2 |     9 |     3 ||    17
  Eat: Chunk             |     1 |     4 |    16 |     9 ||    30
       Pizza             |       |     1 |       |       ||     1
       Fruit             |       |       |     4 |     1 ||     5
       Bread ration      |       |       |     1 |       ||     1
Armor: Leather armour    |    27 |    10 |       |       ||    37
       Scale mail        |       |    41 |       |       ||    41
       Chain mail        |       |    60 |   139 |       ||   199
       Plate armour      |       |       |   194 |   307 ||   501
Dodge: Dodged            |    88 |    65 |    86 |    55 ||   294
Block: Shield            |       |   100 |   120 |   109 ||   329
